 Dungeon Crawl Stone Soup version 0.23-a0-489-g205b0b6 (webtiles) character file.

24 Amnesiac the Sneak (level 2, -9/13 HPs)
             Began as a Spriggan Enchanter on Dec 2, 2018.
             Killed from afar by a steam dragon (18 damage)
             ... with a ball of steam
             ... on level 4 of the Dungeon.
             The game lasted 00:02:21 (591 turns).

Amnesiac the Sneak (Spriggan Enchanter)              Turns: 591, Time: 00:02:22

Health: -9/13      AC:  2    Str:  4    XL:     2   Next: 79%
Magic:  6/7        EV: 19    Int: 16    God:
Gold:   18         SH:  0    Dex: 16    Spells: 4/7 levels left

rFire    . . .     SeeInvis +   a - +1 dagger
rCold    . . .     Gourm    .   (shield restricted)
rNeg     . . .     Faith    .   b - +0 robe
rPois    .         Spirit   .   (helmet restricted)
rElec    .         Reflect  .   (no cloak)
rCorr    .         Harm     .   (gloves unavailable)
MR       .....                  (boots unavailable)
Stlth    +++.......             (no amulet)
HPRegen  0.04/turn              (no ring)
MPRegen  0.10/turn              (no ring)

@: very quick
A: very small, unfitting armour, see invisible, herbivore, speed 3, slow
metabolism 2
a: no special abilities


You were on level 4 of the Dungeon.
You were not hungry.

You visited 1 branch of the dungeon, and saw 4 of its levels.

You collected 18 gold pieces.

Inventory:

Hand Weapons
 a - a +1 dagger (weapon)
Armour
 b - a +0 robe (worn)
Scrolls
 e - a scroll of teleportation {!r, unknown}
Potions
 c - 2 potions of lignification {!q, unknown}
 f - a potion of curing {!q, unknown}
Comestibles
 d - 2 rations


   Skills:
 + Level 1.5 Short Blades
 + Level 3.4 Dodging
 * Level 5.1 Stealth
 - Level 3.0 Spellcasting
 + Level 3.8 Hexes


You had 4 spell levels left.
You knew the following spells:

 Your Spells              Type           Power        Failure   Level  Hunger
a - Ensorcelled Hibernat  Hex/Ice        #.....       13%         2    ##.....
b - Corona                Hex            ##.....      3%          1    #......

Your spell library contained the following spells:

 Spells                   Type           Power        Failure   Level  Hunger
 Confuse                  Hex            ##......     12%         3    ###....
 Tukima's Dance           Hex            ##......     12%         3    ###....
 Dazzling Spray           Conj/Hex       #.....       26%         3    ###....


Dungeon Overview and Level Annotations

Branches:
Dungeon (4/15)
 Temple: D:4-7

Altars:


Innate Abilities, Weirdness & Mutations

You are very small and have problems with some larger weapons.
You are too small for most types of armour.
You have supernaturally acute eyesight. (SInv)
You are a herbivore.
You cover ground extremely quickly.
You need to consume almost no food.


Message History

Confirm with . or Enter, or press ? or * to list all spells.
You don't know that spell.
Unknown command.
Casting: Ensorcelled Hibernation (safe; 13% risk of failure)
Confirm with . or Enter, or press ? or * to list all spells.
You don't know that spell.
Casting: Ensorcelled Hibernation (safe; 13% risk of failure)
Confirm with . or Enter, or press ? or * to list all spells.
Aiming: Ensorcelled Hibernation (safe; 13% risk of failure)
Press: ? - help, Shift-Dir - straight line, f - gnoll, p - gnoll
Aim: a gnoll, wielding a +0 spear (chance to defeat MR: 49%)
The gnoll is unaffected.
A frilled lizard and an adder come into view.
Found 10 stones.
A worm comes into view.
Found a stone staircase leading down.
The helpless worm fails to defend itself.
You impale the worm!!
You kill the worm!
You see here a worm corpse.
There is a stone staircase leading down here.
The helpless frilled lizard fails to defend itself.
You impale the frilled lizard!!
You kill the frilled lizard!
There is a stone staircase leading down here.
Magic restored.
You climb downwards.
There is a stone staircase leading up here.
You start resting.
Magic restored.
You start resting.
HP restored.
You start resting.
HP restored.
A steam dragon comes into view.
A steam dragon is nearby!
The steam dragon hisses angrily.
The steam dragon breathes steam at you. The ball of steam misses you.
Casting: Ensorcelled Hibernation (safe; 13% risk of failure)
Confirm with . or Enter, or press ? or * to list all spells.
You don't know that spell.
You are engulfed in a cloud of scalding steam.
Casting: Ensorcelled Hibernation (safe; 13% risk of failure)
Confirm with . or Enter, or press ? or * to list all spells.
You can't see any susceptible monsters within range! (Use Z to cast anyway.)
Found 14 stones.
Casting: Ensorcelled Hibernation (safe; 13% risk of failure)
Confirm with . or Enter, or press ? or * to list all spells.
You can't see any susceptible monsters within range! (Use Z to cast anyway.)
Casting: Ensorcelled Hibernation (safe; 13% risk of failure)
Confirm with . or Enter, or press ? or * to list all spells.
Aiming: Ensorcelled Hibernation (safe; 13% risk of failure)
Press: ? - help, Shift-Dir - straight line, f - steam dragon
Aim: a steam dragon (chance to defeat MR: 39%)
The steam dragon looks drowsy...
The helpless steam dragon fails to defend itself.
You impale the steam dragon!!
The steam dragon is severely wounded.
The steam dragon completely misses you. The steam dragon misses you.
The steam dragon breathes steam at you. The ball of steam hits you!
Ouch! That really hurt!
You die...

#.#####......
.........#.# ##
..(..$..#.# ..
..##...#.# #.
#.##...#.#
#..##.##...#.#
#..........#.#
#.###.##....<#
#.###.##@#.####
#.....D§........
########.#######
#.# #.. ####


You could see a steam dragon.

Vanquished Creatures
  An adder (D:3)
  A worm (D:3)
  2 bats
  2 giant cockroaches
  2 goblins
  A hobgoblin (D:1)
  2 frilled lizards
  2 rats
13 creatures vanquished.

Notes
Turn   | Place    | Note
-------+----------+-------------------------------------------
     0 | D:1      | Amnesiac the Spriggan Enchanter began the quest for the
                  | Orb.
     0 | D:1      | Reached XP level 1. HP: 9/9 MP: 5/5
   243 | D:2      | Reached XP level 2. HP: 12/13 MP: 2/6
   248 | D:2      | Learned a level 2 spell: Ensorcelled Hibernation
   287 | D:3      | Reached skill level 5 in Stealth
   559 | D:4      | Noticed a steam dragon
   591 | D:4      | Killed from afar by a steam dragon

Vault maps used:
D:1:      minmay_arrival_solitary_statue
D:2:      moated_statue, uniq_terence, uniq_natasha
D:3:      minmay_misc_feat_four_crosses, uniq_jessica
D:4:      minmay_temple_entry_tees

Skill      XL: |  1  2 |
---------------+-------+-----
Stealth        | 5 |  5.1
Spellcasting   | 3 |  3.0
Short Blades   | |  1.5
Dodging        | |  3.4
Hexes          | |  3.8

Action                   || total
-------------------------++-------
Melee: Dagger            ||    23
 Cast: Corona            ||     9
       Ensorcelled Hiber ||     5
 Stab: Sleeping          ||     8
Armor: Robe              ||     1
Dodge: Dodged            ||    25

Table legend:
 A = Non-vault XP
 B = Vault XP
 C = Vault XP percentage of total XP
 D = Non-vault monster count
 E = Vault monster count
 F = Vault count percentage of total count
                 A         B        C        D         E       F
            +---------+---------+-------+---------+---------+-------
      Total |      35 |       0 |   0.0 |      13 |       0 |   0.0
            +---------+---------+-------+---------+---------+-------
        D:1 |       7 |       0 |   0.0 |       4 |       0 |   0.0
        D:2 |       6 |       0 |   0.0 |       4 |       0 |   0.0
        D:3 |      22 |       0 |   0.0 |       5 |       0 |   0.0
            +---------+---------+-------+---------+---------+-------
